[Event "Pobeskydi 2026"]
[Site "Frydek-Mistek, Czech Republic"]
[Date "2026.04.02"]
[Round "1.1"]
[White "Gnojek, Petr"]
[Black "Haasova, Timea"]
[Result "1/2-1/2"]
[TimeControl "90 min+30s/move"]
[WhiteTitle "-"]
[BlackTitle "-"]
[WhiteFideId "371807"]
[BlackFideId "14960109"]
[WhiteElo "2401"]
[BlackElo "2012"]

1. d4 d5 2. c4 c6 3. Nf3 Nf6 4. Nc3 dxc4 5. a4 Bf5 6. e3 e6 7. Bxc4 Nbd7 8. O-O Be7 9. Qe2 O-O 10.
e4 Bg6 11. a5 b5 12. axb6 axb6 13. Bg5 h6 14. Bh4 Rxa1 15. Rxa1 Nxe4 16. Bxe6 Nxc3 17. bxc3 Bxh4 18. Nxh4 Re8 19.
Nxg6 Rxe6 20. Ne5 Nxe5 21. dxe5 Qg5 22. Qe4 g6 23. Ra8+ Kg7 24. f4 Qg4 25. Qd4 Qe2 26. Ra1 c5 27.
Qf2 Qxf2+ 28. Kxf2 b5 29. Rb1 Rb6 30. Ke3 b4 31. Kd3 Rb8 32. g3 Kf8 33. Kc4 Rc8 34. Rb2 bxc3 35. Kxc3 Ke7 36.
Kc4 Ke6 37. g4 Rc6 38. Rb8 h5 39. gxh5 gxh5 40. Rb7 f6 41. Kb5 Rc8 42. Rb6+ Kd5 43. Rd6 Ke4 44. e6 Kxf4 45. e7 Re8 46.
Re6 Kf5 47. Re2 Kg6 48. Kxc5 Kf7 49. Kd6 Ra8 50. h4 Ra6+ 51. Kd5 Ra5+ 52. Kc6 Ra8 53. Re1 f5 54. Kd7 Ra7+ 55. Kd6 Ra6+ 56.
Kd5 Ra5+ 57. Kc6 Ra8 1/2-1/2

[Event "Pobeskydi 2026"]
[Site "Frydek-Mistek, Czech Republic"]
[Date "2026.04.02"]
[Round "1.2"]
[White "Ocelak, David"]
[Black "Walek, Petr"]
[Result "0-1"]
[TimeControl "90 min+30s/move"]
[WhiteTitle "-"]
[BlackTitle "-"]
[WhiteFideId "23728795"]
[BlackFideId "339393"]
[WhiteElo "2009"]
[BlackElo "2304"]

1. e4 c5 2. Nf3 d6 3. g3 Nf6 4. d3 Nc6 5. Bg2 e5 6. Nc3 h6 7. h3 Be6 8. O-O Be7 9. Be3 Qd7 10.
Kh2 d5 11. exd5 Nxd5 12. Nxd5 Bxd5 13. Re1 O-O 14. Bd2 Bd6 15. Nh4 Bxg2 16. Kxg2 f5 17. c3 Bc7 18. Be3 b6 19. Qa4 f4 20.
Qc4+ Qf7 21. Qxf7+ Rxf7 22. Bd2 Rd8 23. gxf4 Rxd3 24. Rad1 exf4 25. Nf3 Rf6 26. Re8+ Kh7 27. Rc8 Bb8 28.
Ne1 f3+ 29. Kf1 Rd5 0-1

[Event "Pobeskydi 2026"]
[Site "Frydek-Mistek, Czech Republic"]
[Date "2026.04.02"]
[Round "1.3"]
[White "Karas, Marek"]
[Black "Gresek, Oskar"]
[Result "1-0"]
[TimeControl "90 min+30s/move"]
[WhiteTitle "-"]
[BlackTitle "-"]
[WhiteFideId "14928558"]
[BlackFideId "23750189"]
[WhiteElo "2232"]
[BlackElo "1995"]

1. d4 d5 2. Nf3 Nf6 3. c4 e6 4. g3 c6 5. Bg2 Be7 6. O-O O-O 7. Nc3 Nbd7 8. Qd3 Re8 9. Rd1 Qc7 10.
e4 dxe4 11. Nxe4 Nxe4 12. Qxe4 Rd8 13. Bf4 Bd6 14. Bxd6 Qxd6 15. c5 Qe7 16. Qe2 Nf6 17. Ne5 Bd7 18. Rd2 Be8 19. Re1 Rab8 20.
a3 Nd5 21. b4 Qc7 22. Nc4 h6 23. h4 Ne7 24. Be4 b5 25. Nd6 Nc8 26. Nxc8 Rbxc8 27. Bb1 Qe7 28. f4 Qf6 29. Qe4 Rd5 30.
Ba2 Rdd8 31. Red1 h5 32. Qe5 Qxe5 33. dxe5 Rxd2 34. Rxd2 Kf8 35. Bb3 a5 36. Rd1 Ke7 37. Kf2 Rd8 38.
Rxd8 Kxd8 39. bxa5 Kc7 40. Bd1 g6 41. g4 hxg4 42. Kg3 Bd7 43. Kxg4 Kd8 44. Bf3 1-0

[Event "Pobeskydi 2026"]
[Site "Frydek-Mistek, Czech Republic"]
[Date "2026.04.02"]
[Round "1.4"]
[White "Hlavacek, Pavel"]
[Black "Durana, Jonas"]
[Result "0-1"]
[TimeControl "90 min+30s/move"]
[WhiteTitle "-"]
[BlackTitle "-"]
[WhiteFideId "23761768"]
[BlackFideId "73619663"]
[WhiteElo "1982"]
[BlackElo "2183"]

1. d4 Nf6 2. c4 e6 3. Nc3 Bb4 4. Qc2 c5 5. dxc5 Bxc5 6. Nf3 Nc6 7. a3 a6 8. e3 d5 9. b4 Ba7 10.
Bb2 dxc4 11. Bxc4 O-O 12. O-O Qe7 13. Rfd1 Bb8 14. Rac1 Ne5 15. Nxe5 Bxe5 16. Ne2 Bxb2 17. Qxb2 b5 18.
Bb3 Bb7 19. Qd4 Rac8 20. Qb6 Rxc1 21. Rxc1 Rc8 22. Rxc8+ Bxc8 23. Nd4 Qd7 24. h3 h6 25. Nc6 Bb7 26. Ne5 Qc8 27. Nd3 Nd7 28.
Qd4 Qc6 29. f3 Qc7 30. Nc5 Nxc5 31. bxc5 Bc6 32. Bc2 Kf8 33. Qd6+ Qxd6 34. cxd6 Ke8 35. e4 e5 36. Bb3 Kd7 37.
Bxf7 Kxd6 38. Kf2 a5 39. Ke3 Kc5 40. f4 exf4+ 41. Kxf4 b4 42. axb4+ Kxb4 43. e5 Kc5 44. g3 a4 45.
Kf5 a3 46. Ba2 Bd5 47. Bb1 Bb3 48. e6 Kd6 49. e7 Kxe7 50. Kg6 Bc2+ 0-1

[Event "Pobeskydi 2026"]
[Site "Frydek-Mistek, Czech Republic"]
[Date "2026.04.02"]
[Round "1.5"]
[White "Sarkozi, Szabolcs"]
[Black "Ciupka, Kamil"]
[Result "1-0"]
[TimeControl "90 min+30s/move"]
[WhiteTitle "-"]
[BlackTitle "-"]
[WhiteFideId "14941660"]
[BlackFideId "21000417"]
[WhiteElo "2117"]
[BlackElo "1981"]

1. e4 e6 2. d4 d5 3. Nc3 dxe4 4. Nxe4 Nd7 5. Nf3 Ngf6 6. Nxf6+ Nxf6 7. Be3 Nd5 8. Bd2 Be7 9. c4 Nf6 10.
Qc2 c5 11. dxc5 Qc7 12. Bc3 Bd7 13. Bd3 Bxc5 14. b4 Bd6 15. c5 Rc8 16. Qb2 Be7 17. Be5 Qc6 18. O-O Rg8 19. Rac1 a6 20.
Rfd1 Rd8 21. Nd2 Ng4 22. Be4 Qc8 23. Bxg7 f6 24. h3 Rxg7 25. hxg4 Rxg4 26. Bf3 Rf4 27. Qc2 Rh4 28. Nc4 Kf8 29.
Nb6 Qc7 30. g3 Rh6 31. Qd2 Rg6 32. Nxd7+ Rxd7 33. Qxd7 Rxg3+ 34. Bg2 Rxg2+ 35. Kxg2 Qe5 36. Qd3 Qg5+ 37. Qg3 1-0

[Event "Pobeskydi 2026"]
[Site "Frydek-Mistek, Czech Republic"]
[Date "2026.04.02"]
[Round "1.6"]
[White "Osina, Jaromir"]
[Black "Boff, Ondrej"]
[Result "1-0"]
[TimeControl "90 min+30s/move"]
[WhiteTitle "-"]
[BlackTitle "-"]
[WhiteFideId "23712759"]
[BlackFideId "23733950"]
[WhiteElo "1972"]
[BlackElo "2101"]

1. d4 Nf6 2. c4 c5 3. d5 b5 4. cxb5 a6 5. b6 e6 6. Nc3 Bb7 7. e4 exd5 8. exd5 Qxb6 9. Bc4 Be7 10.
Qe2 O-O 11. Nf3 d6 12. O-O Re8 13. b3 Nbd7 14. Bb2 Bf8 15. Qc2 g6 16. Rfe1 Bg7 17. h3 Qc7 18. Rad1 Nb6 19. Kf1 Rxe1+ 20. Nxe1 Re8 21. Qd2 Re7 22. Nc2 Nfd7 23. Ne3 f5 24. f4 Nf6 25. Kf2 Qd8 26. g3 Qe8 27. Re1 Nh5 28. Re2 Nd7 29.
Nf1 Bd4+ 30. Kf3 Ndf6 31. Rxe7 Qxe7 32. Qe2 Qxe2+ 33. Kxe2 Bxc3 34. Bxc3 Nxd5 35. Ne3 Nxg3+ 36. Kf3 Ne4 37.
Bxd5+ Bxd5 38. Nxd5 Kf7 39. Ba5 Ke6 40. Nc7+ Kd7 41. Nxa6 Kc6 42. Nc7 d5 43. Ne6 h6 44. h4 d4 45.
Nf8 Kb5 46. Be1 g5 47. fxg5 hxg5 48. h5 Nd6 49. h6 Nf7 50. h7 Nh8 51. a4+ Kc6 52. Ne6 Nf7 53. Bd2 Kd5 54. Nxg5 Nh8 55.
Kf4 c4 56. bxc4+ Kxc4 57. Kxf5 1-0

[Event "Pobeskydi 2026"]
[Site "Frydek-Mistek, Czech Republic"]
[Date "2026.04.02"]
[Round "1.7"]
[White "Buchtova, Viktorie"]
[Black "Kovacik, Oliver"]
[Result "1-0"]
[TimeControl "90 min+30s/move"]
[WhiteTitle "-"]
[BlackTitle "-"]
[WhiteFideId "23714786"]
[BlackFideId "2321963"]
[WhiteElo "2055"]
[BlackElo "1969"]

1. e4 c6 2. d4 d5 3. Nc3 dxe4 4. Nxe4 Nf6 5. Nxf6+ exf6 6. Be3 Bd6 7. Bd3 O-O 8. Ne2 Bg4 9.
O-O Re8 10. h3 Bh5 11. c4 Bc7 12. Qd2 Na6 13. a3 Bxe2 14. Qxe2 Qd6 15. g3 Qe6 16. Kh2 Rad8 17. Qf3 Bb6 18. Rad1 g6 19. c5 Bc7 20.
Bxa6 bxa6 21. Rfe1 Kg7 22. Bh6+ Kxh6 23. Rxe6 Rxe6 24. d5 cxd5 25. Rxd5 Rxd5 26. Qxd5 Re2 27. Qxf7 Rxf2+ 28. Kg1 Bxg3 29. Qb3 Bh4 30. c6 Re2 31. c7 Re1+ 32. Kg2 Re2+ 33. Kf3 Rf2+ 34. Ke4 f5+ 35. Kd4 Rd2+ 36. Kc4 Re2 37. c8=Q Re4+ 38. Kd5 Bf2 39. Qc1+ Be3 40. Qc8 Bf2 41. Qc1+ Be3 42.
Qbxe3+ Rxe3 43. Qxe3+ Kh5 44.
Ke5 Kh4 45. Kf6 h5 46. Kxg6 a5 47. Qf4+ Kxh3 48. Kxh5 a4 49. Qf3+ Kh2 50. Kh4 a5 51. Qf2+ Kh1 52. Kh3 1-0

[Event "Pobeskydi 2026"]
[Site "Frydek-Mistek, Czech Republic"]
[Date "2026.04.02"]
[Round "1.8"]
[White "Zidek, Damian"]
[Black "Durovka, Marek"]
[Result "1/2-1/2"]
[TimeControl "90 min+30s/move"]
[WhiteTitle "-"]
[BlackTitle "-"]
[WhiteFideId "23761652"]
[BlackFideId "14959542"]
[WhiteElo "1962"]
[BlackElo "2054"]

1. d4 d5 2. c4 c6 3. Nf3 Nf6 4. Nc3 e6 5. Bg5 Be7 6. e3 O-O 7. Bd3 h6 8. Bh4 dxc4 9. Bxc4 b5 10.
Bd3 Bb7 11. O-O b4 12. Bxf6 Bxf6 13. Ne4 Be7 14. Ne5 c5 15. Nxc5 Bxc5 16. dxc5 Qg5 17. Nf3 Qxc5 18. Rc1 Qe7 19.
Qe2 Nd7 20. Rfd1 Nb6 21. Nd2 Rac8 22. Be4 Nd5 23. Bf3 Rfd8 24. h3 Rc7 25. Rxc7 Qxc7 26. Nb3 Rd6 27. Rc1 Rc6 28. Rxc6 Qxc6 29.
Na5 Qc1+ 30. Qf1 Qxb2 31. Nxb7 Qxa2 32. Bd1 Nc3 33. Nc5 Qa1 34. Bg4 Qa2 35. Qd3 b3 36. Qd8+ Kh7 37. Qd3+ Kg8 38.
Qd8+ Kh7 39. Nxe6 b2 40. Nf8+ Kg8 41. Ng6+ Kh7 42. Nf8+ 1/2-1/2

[Event "Pobeskydi 2026"]
[Site "Frydek-Mistek, Czech Republic"]
[Date "2026.04.02"]
[Round "1.9"]
[White "Lichorad, Mateusz"]
[Black "Lee, Yuk Hei"]
[Result "1-0"]
[TimeControl "90 min+30s/move"]
[WhiteTitle "-"]
[BlackTitle "-"]
[WhiteFideId "21817693"]
[BlackFideId "343411061"]
[WhiteElo "2039"]
[BlackElo "1960"]

1. e4 e6 2. d4 d5 3. Nc3 dxe4 4. Nxe4 Nd7 5. Nf3 Ngf6 6. Bg5 Be7 7. Bxf6 Nxf6 8. Bd3 b6 9. Nxf6+ Bxf6 10.
Be4 Rb8 11. Qd3 c5 12. O-O-O Qc7 13. Ne5 Bxe5 14. dxe5 Bd7 15. Qg3 O-O 16. Rd6 c4 17. Qh4 f5 18. exf6 Rxf6 19. Rhd1 Be8 20.
Qxh7+ Kf7 21. Qh5+ Kg8 22. Qe5 Rc8 23. f3 Qe7 24. c3 b5 25. Qd4 e5 26. Qd5+ Kh8 27. Rd8 Rxd8 28. Qxd8 Qf8 29.
Qc8 Qe7 30. Rd8 Rf8 31. Qh3+ Kg8 32. Bd5+ Bf7 33. Bxf7+ Qxf7 34. Rxf8+ Qxf8 35. Qe6+ Kh8 36. Qxe5 Qf7 37. h4 Qd7 38.
h5 Qc6 39. Kd1 Kg8 40. Ke1 Qd7 41. Kf2 Qd1 42. Qe8+ Kh7 43. Qxb5 Qd2+ 44. Kg3 Qd6+ 45. Kg4 Kh8 46. Qe8+ Kh7 47.
Qg6+ Qxg6+ 48. hxg6+ 1-0

[Event "Pobeskydi 2026"]
[Site "Frydek-Mistek, Czech Republic"]
[Date "2026.04.02"]
[Round "1.10"]
[White "Zeman, Daniel Nikolas"]
[Black "Kendall, Arthur"]
[Result "1-0"]
[TimeControl "90 min+30s/move"]
[WhiteTitle "-"]
[BlackTitle "-"]
[WhiteFideId "23717130"]
[BlackFideId "343410960"]
[WhiteElo "1957"]
[BlackElo "2032"]

1. e4 e6 2. d4 d5 3. exd5 exd5 4. Bd3 Nc6 5. c3 Bd6 6. Nf3 Bg4 7. O-O Qd7 8. b4 Nge7 9. Nbd2 O-O 10.
Re1 Rae8 11. Bb2 Bf5 12. Nf1 Bxd3 13. Qxd3 Ng6 14. Ne3 Nce7 15. Rad1 c6 16. a4 f5 17. h3 Nf4 18. Qf1 Neg6 19.
b5 Nh5 20. c4 Bb4 21. Re2 dxc4 22. bxc6 Qxc6 23. Rc2 c3 24. d5 Qc5 25. Bxc3 Bxc3 26. Rd3 Ng3 27. fxg3 Rxe3 28. Rcxc3 Qxc3 29.
Rxc3 Rxc3 30. Qe1 Rcc8 31. Qe6+ Kh8 32. d6 Rce8 33. Qd5 h6 34. d7 Rb8 35. Qd6 Kh7 36. Nd4 Rbd8 37. Ne6 Rf6 38.
Qc7 Rxe6 39. Qxd8 Ne5 40. Qe8 1-0

[Event "Pobeskydi 2026"]
[Site "Frydek-Mistek, Czech Republic"]
[Date "2026.04.02"]
[Round "1.11"]
[White "Bjolek, Jan"]
[Black "Langmaier, Michal"]
[Result "0-1"]
[TimeControl "90 min+30s/move"]
[WhiteTitle "-"]
[BlackTitle "-"]
[WhiteFideId "23725800"]
[BlackFideId "23727705"]
[WhiteElo "2026"]
[BlackElo "1949"]

1. d4 d5 2. Bf4 Nf6 3. e3 g6 4.
Nc3 a6 5. Be2 Bg7 6. h4 h5 7. Nf3 c5 8. Qd2 Nbd7 9. Ne5 b5 10. f3 Bb7 11. Nd1 Rc8 12. c3 Nf8 13. a4 c4 14.
b4 Ne6 15. Nf2 Qb6 16. Bd1 a5 17. bxa5 Qxa5 18. Qb2 Ra8 19. O-O O-O 20. Bc2 bxa4 21. Rxa4 Qc7 22. Nxg6 Nxf4 23. Nxf4 Bc6 24.
Rb4 Rfb8 25. Rb1 Rxb4 26. Qxb4 Bh6 27. N2h3 e5 28. Qb6 Qxb6 29. Rxb6 exf4 30.
Rxc6 fxe3 31. Rb6 Ra1+ 32. Bb1 Kg7 33. Kf1 Ra3 34. Ke2 Rxc3 35. Ng5 Bxg5 36. hxg5 Nd7 37. Rd6 Nf8 38. Rxd5 Ne6 39. g3 h4 40. Rd7 hxg3 41.
g6 Nf4+ 42. Kf1 Rc1# 0-1

[Event "Pobeskydi 2026"]
[Site "Frydek-Mistek, Czech Republic"]
[Date "2026.04.02"]
[Round "2.1"]
[White "Walek, Petr"]
[Black "Lichorad, Mateusz"]
[Result "1-0"]
[TimeControl "90 min+30s/move"]
[WhiteTitle "-"]
[BlackTitle "-"]
[WhiteFideId "339393"]
[BlackFideId "21817693"]
[WhiteElo "2304"]
[BlackElo "2039"]

1. e4 c5 2. Nc3 Nc6 3. Nge2 g6 4.
d4 cxd4 5. Nxd4 Bg7 6. Be3 Nf6 7. Bc4 Qa5 8. O-O O-O 9. Bb3 d6 10. h3 Bd7 11. f4 Rac8 12. Nf3 Nh5 13. Qe1 e5 14.
f5 Nd4 15. fxg6 hxg6 16. Ng5 Ne6 17. Rxf7 Rxf7 18. Nxe6 Rf6 19. Nc5+ 1-0

[Event "Pobeskydi 2026"]
[Site "Frydek-Mistek, Czech Republic"]
[Date "2026.04.02"]
[Round "2.2"]
[White "Sigut, Ondrej"]
[Black "Karas, Marek"]
[Result "1/2-1/2"]
[TimeControl "90 min+30s/move"]
[WhiteTitle "-"]
[BlackTitle "-"]
[WhiteFideId "23712813"]
[BlackFideId "14928558"]
[WhiteElo "2016"]
[BlackElo "2232"]

1. e4 c5 2. Nf3 Nc6 3. Bb5 e5 4. O-O Bd6 5. c3 a6 6. Ba4 b5 7. Bc2 Nge7 8. d4 cxd4 9. cxd4 Nxd4 10.
Nxd4 exd4 11. Nd2 Qb6 12. Nf3 Bc5 13. Bf4 d6 14. a3 a5 15. b4 axb4 16. axb4 Rxa1 17. Qxa1 Bxb4 18. Qxd4 Qxd4 19.
Nxd4 O-O 20. Rb1 Bc5 21. Nxb5 d5 1/2-1/2

[Event "Pobeskydi 2026"]
[Site "Frydek-Mistek, Czech Republic"]
[Date "2026.04.02"]
[Round "2.3"]
[White "Durana, Jonas"]
[Black "Osina, Jaromir"]
[Result "1-0"]
[TimeControl "90 min+30s/move"]
[WhiteTitle "-"]
[BlackTitle "-"]
[WhiteFideId "73619663"]
[BlackFideId "23712759"]
[WhiteElo "2183"]
[BlackElo "1972"]

1. e4 e6 2. d4 d5 3. e5 c5 4. c3 Nc6 5. Nf3 Qb6 6. Bd3 Bd7 7. O-O cxd4 8. Re1 Nge7 9. h4 Rc8 10.
h5 h6 11. a3 dxc3 12. Nxc3 Na5 13. b4 Rxc3 14. Be3 Qc7 15. bxa5 Nc6 16. a6 b6 17. Rc1 Nxe5 18. Nxe5 Qxe5 19.
Bxb6 Bxa3 20. Rb1 Qd6 21. Bxa7 O-O 22. Bd4 Rcc8 23. Rb6 Qf4 24. g3 Qg5 25. Qb3 Qe7 26. Rb7 Bd6 27. Bb5 Rc7 28.
Rxc7 Bxc7 29. Rc1 Bd6 30. Bxd7 Qxd7 31. Qc3 f6 32. Qc6 Qxc6 33. Rxc6 Be5 34. Bc5 Ra8 35. a7 f5 36. f4 Bf6 37.
Rb6 1-0

[Event "Pobeskydi 2026"]
[Site "Frydek-Mistek, Czech Republic"]
[Date "2026.04.02"]
[Round "2.4"]
[White "Zeman, Daniel Nikolas"]
[Black "Sarkozi, Szabolcs"]
[Result "1-0"]
[TimeControl "90 min+30s/move"]
[WhiteTitle "-"]
[BlackTitle "-"]
[WhiteFideId "23717130"]
[BlackFideId "14941660"]
[WhiteElo "1957"]
[BlackElo "2117"]

1. e4 d5 2. exd5 Qxd5 3. Nc3 Qd6 4. d4 Nf6 5. Nf3 Nc6 6. Bc4 Bg4 7. Be3 a6 8. Qd2 Bxf3 9. gxf3 e5 10.
d5 Na5 11. Be2 b5 12. Ne4 Qb4 13. Nxf6+ gxf6 14. Qxb4 Bxb4+ 15. c3 Bd6 16. b4 Nc4 17. a4 Ke7 18. Rg1 Rhg8 19. Rxg8 Rxg8 20.
Kf1 f5 21. axb5 axb5 22. Ra7 f4 23. Bc5 Kd7 24. Bd3 e4 25. Bxe4 Nd2+ 26. Ke2 Nxe4 27. fxe4 f3+ 28. Kxf3 Bxh2 29.
Ra6 Rg6 30. Ra8 Be5 31. Rf8 Rf6+ 32. Ke3 Bf4+ 33. Kd4 Bd6 34. Bxd6 cxd6 35. Ke3 Ke7 36. Ra8 Rg6 37. Ra7+ Kf8 38.
c4 bxc4 39. b5 Rg1 40. b6 Rb1 41. b7 Kg7 42. e5 dxe5 43. d6 Rb3+ 44. Ke4 Kf6 45. d7 Ke6 46. d8=N+ Kd6 47. Ra8 Kc7 48.
Rc8+ Kd7 49. b8=Q f5+ 50. Kxe5 Rxb8 51. Rxb8 c3 52. Rb3 c2 53. Rc3 1-0

[Event "Pobeskydi 2026"]
[Site "Frydek-Mistek, Czech Republic"]
[Date "2026.04.02"]
[Round "2.5"]
[White "Langmaier, Michal"]
[Black "Buchtova, Viktorie"]
[Result "1/2-1/2"]
[TimeControl "90 min+30s/move"]
[WhiteTitle "-"]
[BlackTitle "-"]
[WhiteFideId "23727705"]
[BlackFideId "23714786"]
[WhiteElo "1949"]
[BlackElo "2055"]

1. d4 Nf6 2. c4 e6 3. Nf3 b6 4. g3 Bb7 5. Bg2 Be7 6. O-O O-O 7. Nc3 Ne4 8. Qc2 Nxc3 9. Qxc3 d6 10.
b3 Nd7 11. Bb2 Be4 12. Nd2 Bxg2 13. Kxg2 f5 14. e4 Bf6 15. exf5 exf5 16. f4 Re8 17. Rfe1 Nf8 18. Qc2 Qd7 19.
Nf3 c5 20. d5 Bxb2 21. Qxb2 Rxe1 1/2-1/2

[Event "Pobeskydi 2026"]
[Site "Frydek-Mistek, Czech Republic"]
[Date "2026.04.02"]
[Round "2.6"]
[White "Durovka, Marek"]
[Black "Gnojek, Petr"]
[Result "0-1"]
[TimeControl "90 min+30s/move"]
[WhiteTitle "-"]
[BlackTitle "-"]
[WhiteFideId "14959542"]
[BlackFideId "371807"]
[WhiteElo "2054"]
[BlackElo "2401"]

1. d4 d6 2. c4 g6 3. Nc3 Bg7 4. e4 Nc6 5. Be3 e5 6. d5 Nd4 7. Nge2 Nxe2 8. Bxe2 h5 9. Qd2 Bh6 10.
O-O-O Bd7 11. h3 h4 12. Rhf1 Qe7 13. f4 exf4 14. Bxf4 Bxf4 15. Qxf4 Nh6 16. c5 g5 17. Qf6 Qxf6 18.
Rxf6 Ng8 19. Rf2 a6 20. Rdf1 Rh7 21.
Nd1 f6 22. cxd6 cxd6 23. Ne3 Ke7 24. Bg4 Bxg4 25. Nxg4 Rc8+ 26. Kd2 Rf7 27. Rf3 Rff8 28. Rb3 Rc7 29. Rc1 Kd7 30. Rf1 Ke7 31.
Rc3 Rxc3 32. bxc3 b5 33. Ne3 Nh6 34. Nf5+ Nxf5 35. exf5 Rc8 36. Re1+ Kd7 37. Re6 Rc5 38. Rxf6 Rxd5+ 39. Kc2 Re5 40. Rf7+ Re7 41. Rxe7+ Kxe7 0-1

[Event "Pobeskydi 2026"]
[Site "Frydek-Mistek, Czech Republic"]
[Date "2026.04.02"]
[Round "2.7"]
[White "Haasova, Timea"]
[Black "Zidek, Damian"]
[Result "1-0"]
[TimeControl "90 min+30s/move"]
[WhiteTitle "-"]
[BlackTitle "-"]
[WhiteFideId "14960109"]
[BlackFideId "23761652"]
[WhiteElo "2012"]
[BlackElo "1962"]

1. e4 e6 2. d4 d5 3. e5 c5 4. c3 Nc6 5. Nf3 Bd7 6. Be2 Nge7 7. Na3 Ng6 8. Nc2 Be7 9. O-O O-O 10. Bd2 c4 11. b3 b5 12. Nfe1 f5 13. exf6 Bxf6 14. bxc4 bxc4 15. f4 Nh4 16. g4 Qc7 17. Nf3 Nxf3+ 18. Bxf3 Be7 19. f5 Bd6 20. Qe2 Rae8 21. Rae1 exf5 22. Bxd5+ Kh8 23. Qf2 Rxe1 24. Nxe1 Ne7 25. Be4 Bc6 26.
Bxc6 Qxc6 27. Ng2 f4 28. Bxf4 Bxf4 29. Nxf4 g5 30. d5 Qd7 31. Qd4+ Kg8 32. Nh5 Nxd5 33. Qh8+ 1-0

[Event "Pobeskydi 2026"]
[Site "Frydek-Mistek, Czech Republic"]
[Date "2026.04.02"]
[Round "2.8"]
[White "Boff, Ondrej"]
[Black "Policar, Martin"]
[Result "1-0"]
[TimeControl "90 min+30s/move"]
[WhiteTitle "-"]
[BlackTitle "-"]
[WhiteFideId "23733950"]
[BlackFideId "23734868"]
[WhiteElo "2101"]
[BlackElo "1948"]

1. e4 c6 2. d4 d5 3. e5 c5 4. dxc5 e6 5. a3 Nc6 6. Nf3 Bxc5 7. b4 Bb6 8. Bb2 a6 9. Bd3 Nge7 10.
O-O Ng6 11. Nbd2 O-O 12. Re1 Bd7 13. c4 Nce7 14. c5 Bc7 15. h4 b6 16. cxb6 Bxb6 17. g3 Nc6 18. Qb1 Re8 19. h5 Nf8 20.
Nf1 Ne7 21. N1h2 Bb5 22. Bxb5 axb5 23. Qd3 Rb8 24. h6 g6 25. Ng4 Nd7 26. Kg2 Ba7 27. Bd4 Bxd4 28. Nxd4 Qb6 29. Rac1 Nf5 30.
Nxb5 Qxb5 31. Qxb5 Rxb5 32. Rc7 Rd8 33. Rxd7 Rxd7 34. Nf6+ Kf8 35. Nxd7+ Ke7 36. Nf6 Nxh6 37. g4 Rb8 38.
Rc1 Ra8 39. b5 Rxa3 40. Rc8 1-0

[Event "Pobeskydi 2026"]
[Site "Frydek-Mistek, Czech Republic"]
[Date "2026.04.02"]
[Round "2.9"]
[White "Trybus, Daniel"]
[Black "Sknouril, Jakub"]
[Result "1-0"]
[TimeControl "90 min+30s/move"]
[WhiteTitle "-"]
[BlackTitle "-"]
[WhiteFideId "21816131"]
[BlackFideId "23731133"]
[WhiteElo "2055"]
[BlackElo "1933"]

1. e4 c5 2. Nc3 Nc6 3. g4 g6 4. d3 d6 5. Be3 Bg7 6. Bg2 Bd7 7. h4 Nf6 8. f3 Qb6 9. Nge2 Qxb2 10.
Rb1 Qa3 11. Qd2 Qa5 12. h5 Rf8 13. O-O Nd4 14. Nxd4 cxd4 15. Bxd4 Nxh5 16. Bxg7 Nxg7 17. d4 Rc8 18. Rb3 e6 19.
Rfb1 b6 20. Bf1 f6 21. Qe3 Qg5 22. Qf2 h5 23. Nb5 Ke7 24. f4 Qxg4+ 25. Rg3 Qh4 26. c4 g5 27. Rbb3 Rf7 28. Rbf3 g4 29. Ra3 a5 30. Qb2 f5 31.
e5 dxe5 32. dxe5 Bc6 33. Bg2 Bf3 34. Raxf3 gxf3 35. Qa3+ Rc5 36. Qxf3 Kf8 37. Nd6 Ra7 38. a4 Qe7 39. Qb3 Qc7 40.
Rg6 Qd8 41. Rf6+ Kg8 42. Qg3 Rd7 43. Rxe6 Re7 44. Rh6 Qf8 45. Qg6 1-0

[Event "Pobeskydi 2026"]
[Site "Frydek-Mistek, Czech Republic"]
[Date "2026.04.02"]
[Round "2.10"]
[White "Kendall, Arthur"]
[Black "Dobsa, Emma"]
[Result "1-0"]
[TimeControl "90 min+30s/move"]
[WhiteTitle "-"]
[BlackTitle "-"]
[WhiteFideId "343410960"]
[BlackFideId "23709391"]
[WhiteElo "2032"]
[BlackElo "1921"]

1. d4 d5 2. Nf3 Nf6 3. e3 Bf5 4. Bd3 e6 5. Bxf5 exf5 6. Qd3 Qc8 7. O-O Bd6 8. b3 O-O 9. c4 c6 10.
a4 a5 11. Ba3 Bxa3 12. Nxa3 Na6 13. Nc2 Re8 14. Rab1 Ne4 15. b4 axb4 16. Nxb4 Qd7 17. Ne5 Qe7 18. Nxa6 Rxa6 19. cxd5 cxd5 20.
Rfc1 Nd6 21. Qb3 Rea8 22. Qxd5 Rxa4 23. g3 R4a5 24. Qb3 b5 25. Nc6 Qb7 26. Nxa5 Rxa5 27. Rc2 Ra8 28. Rbc1 Qe4 29.
Qb4 Qe7 30. Rc6 Rd8 31. Rxd6 1-0

[Event "Pobeskydi 2026"]
[Site "Frydek-Mistek, Czech Republic"]
[Date "2026.04.02"]
[Round "2.11"]
[White "Vanek, Martin"]
[Black "Bjolek, Jan"]
[Result "0-1"]
[TimeControl "90 min+30s/move"]
[WhiteTitle "-"]
[BlackTitle "-"]
[WhiteFideId "23769238"]
[BlackFideId "23725800"]
[WhiteElo "1905"]
[BlackElo "2026"]

1. d4 e6 2. c4 f5 3. Nf3 Nf6 4. g3 b6 5. Bg2 Bb7 6. O-O Be7 7. b3 O-O 8. Bb2 Ne4 9. Nbd2 a5 10.
Qc2 Na6 11. Rac1 Nb4 12. Qb1 Nxd2 13. Nxd2 Bxg2 14. Kxg2 f4 15. a3 Na6 16. Nf3 Qe8 17. Qe4 Bd6 18. Ne5 Bxe5 19. Qxe5 Qg6 20.
c5 bxc5 21. dxc5 Rab8 22. Rc3 Rf5 23. Qd4 Qf7 24. g4 Rd5 25. Qa4 Rxc5 26. Rxc5 Nxc5 27. Qxa5 Rxb3 28. Qxc5 f3+ 29. Kh1 fxe2 30.
Rb1 Qf3+ 31. Kg1 Qxg4+ 32. Kh1 Qe4+ 33. Kg1 Qxb1+ 34. Kg2 Qf1# 0-1

[Event "Pobeskydi 2026"]
[Site "Frydek-Mistek, Czech Republic"]
[Date "2026.04.03"]
[Round "3.1"]
[White "Durana, Jonas"]
[Black "Walek, Petr"]
[Result "0-1"]
[TimeControl "90 min+30s/move"]
[WhiteTitle "-"]
[BlackTitle "-"]
[WhiteFideId "73619663"]
[BlackFideId "339393"]
[WhiteElo "2183"]
[BlackElo "2304"]

1. e4 c5 2. Nf3 d6 3. Bb5+ Nd7 4. O-O a6 5. Bxd7+ Bxd7 6. c3 Nf6 7. Re1 e6 8. d4 cxd4 9.
cxd4 d5 10. e5 Ne4 11. Nbd2 Nxd2 12. Bxd2 Be7 13. a3 Rc8 14. Rc1 Rxc1 15. Qxc1 O-O 16. Re3 Qb8 17. Qb1 Rc8 18. Bc3 Qc7 19.
Ne1 Bb5 20. f4 h6 21. Nf3 Qc4 22. Nd2 Qa4 23. g4 a5 24. Kg2 Bd7 25. Rf3 b5 26. Nf1 b4 27. axb4 axb4 28. Bd2 Bb5 29.
b3 Qa7 30. Qb2 Be2 31. Rg3 Bh4 32. Re3 Qa6 33. Ng3 Bd3 0-1

[Event "Pobeskydi 2026"]
[Site "Frydek-Mistek, Czech Republic"]
[Date "2026.04.03"]
[Round "3.2"]
[White "Gnojek, Petr"]
[Black "Zeman, Daniel Nikolas"]
[Result "1-0"]
[TimeControl "90 min+30s/move"]
[WhiteTitle "-"]
[BlackTitle "-"]
[WhiteFideId "371807"]
[BlackFideId "23717130"]
[WhiteElo "2401"]
[BlackElo "1957"]

1. d4 d6 2. e4 e5 3. Nf3 exd4 4. Nxd4 Nf6 5. Nc3 g6 6. g3 Bg7 7. Bg2 O-O 8. h3 Nc6 9. Be3 Re8 10.
O-O Bd7 11. g4 Nxd4 12. Bxd4 Bc6 13. Qd3 Nd7 14. Bxg7 Kxg7 15. f4 Nc5 16. Qd4+ Kg8 17. g5 a5 18. Rae1 Qd7 19. Kh2 Re7 20.
Nd1 Ne6 21. Qd2 h5 22. gxh6 f6 23. Ne3 Nc5 24. Ng4 Rf8 25. f5 g5 26. Nxf6+ 1-0

[Event "Pobeskydi 2026"]
[Site "Frydek-Mistek, Czech Republic"]
[Date "2026.04.03"]
[Round "3.3"]
[White "Karas, Marek"]
[Black "Haasova, Timea"]
[Result "1/2-1/2"]
[TimeControl "90 min+30s/move"]
[WhiteTitle "-"]
[BlackTitle "-"]
[WhiteFideId "14928558"]
[BlackFideId "14960109"]
[WhiteElo "2232"]
[BlackElo "2012"]

1. c4 e5 2. Nc3 Nf6 3. Nf3 Nc6 4. e3 d5 5. cxd5 Nxd5 6. Bb5 Nxc3 7. bxc3 Bd7 8. d4 e4 9. Nd2 Qg5 10.
Bf1 f5 11. g3 a6 12. Rb1 b5 13. Be2 Be7 14. Qb3 Na5 15. Qc2 c5 16. Nb3 Nxb3 17. axb3 Rc8 18. Qa2 Qf6 19. Bd2 h5 20.
h4 Qc6 21. Ra1 Rh6 22. Rg1 g5 23. hxg5 Bxg5 24. c4 h4 25. gxh4 Bxh4 26. b4 Qd6 27. bxc5 Bxf2+ 28. Kd1 Qh2 29.
Rg7 Rh7 30. Rxd7 Rxd7 31. Qxa6 Qc7 32. cxb5 f4 33. Ba5 Qxc5 34. Bh5+ Ke7 35. Bb4 1/2-1/2